 Dungeon Crawl Stone Soup version 0.24.0-123-gd5b16e6ec5 (webtiles) character file.

Game seed: 2841669363172773026, levelgen mode: deterministic

163286 MisterOstroum the Warrior (level 18, -2/119 HPs)
             Began as a Kobold Wanderer on Jan 17, 2020.
             Was the Champion of Makhleb.
             Killed from afar by a nagaraja (13 damage)
             ... with an orb of energy
             ... on level 4 of the Snake Pit on Jan 29, 2020.
             The game lasted 03:33:47 (53530 turns).

MisterOstroum the Warrior (Kobold Wanderer)        Turns: 53530, Time: 03:33:48

Health: -2/119     AC: 18    Str: 13    XL:     18   Next: 46%
Magic:  28/28      EV: 29    Int: 17    God:    Makhleb [******]
Gold:   358        SH:  0    Dex: 15    Spells: 9/26 levels left

rFire    + + .     SeeInvis .   a - +2 scimitar of Distant Shores {elec, rC+ Dex+2}
rCold    + . .     Gourm    .   (shield restricted)
rNeg     + + +     Faith    .   q - +3 leather armour {rF+}
rPois    +         Spirit   .   h - +1 helmet of Noon {rN++}
rElec    +         Reflect  .   m - +2 cloak {MR+}
rCorr    .         Harm     .   Y - +2 pair of gloves
MR       ++...                  M - +2 pair of boots
Stlth    +++++.....             J - amulet of the acrobat
HPRegen  0.29/turn              j - +6 ring of evasion
MPRegen  0.21/turn              Q - ring of Luoviren {rElec rPois rF+ rN+++ AC+1 Int-2}

@: about to teleport
A: small, carnivore
a: Minor Destruction, Lesser Servant of Makhleb, Major Destruction, Greater
Servant of Makhleb, Renounce Religion


You were on level 4 of the Snake Pit.
You worshipped Makhleb.
Makhleb was exalted by your worship.
You were full.

You visited 4 branches of the dungeon, and saw 27 of its levels.
You also visited: Bailey, Gauntlet, Ice Cave and Volcano.

You collected 3084 gold pieces.
You spent 2726 gold pieces at shops.

Inventory:

Hand Weapons
 a - the +2 scimitar of Distant Shores (weapon) {elec, rC+ Dex+2}
   (You bought it in a shop on level 2 of the Orcish Mines)

   Occasionally, upon striking a foe, it will discharge some electrical energy
   and cause terrible harm.
   It affects your dexterity (+2).
   It protects you from cold.
 b - a +2 arbalest of flaming
 c - the +7 hand crossbow of Greed {penet, rPois Str-5 Dex+4}
   (You found it on level 6 of the Lair of Beasts)

   Ammo fired by it will pass through the targets it hits, potentially hitting
   all targets in its path until it reaches maximum range.
   It affects your strength (-5).
   It affects your dexterity (+4).
   It protects you from poison.
Missiles
 k - 12 curare-tipped darts
 l - 47 bolts
 H - 2 datura-tipped darts (quivered)
 W - 5 throwing nets {!f}
Armour
 h - the +1 helmet of Noon (worn) {rN++}
   (You found it on level 8 of the Dungeon)

   It greatly protects you from negative energy.
 m - a +2 cloak of magic resistance (worn)
 q - a +3 leather armour of fire resistance (worn)
 M - a +2 pair of boots (worn)
 R - a +0 shield
 Y - a +2 pair of gloves (worn)
Jewellery
 i - an uncursed ring of ice
 j - a +6 ring of evasion (left hand)
 x - the ring "Viavul" {rF+ MR++ Dex-5}
   (You found it on level 12 of the Dungeon)

   [ring of protection from fire]

   It affects your dexterity (-5).
   It protects you from fire.
   It affects your resistance to hostile enchantments.
 J - an amulet of the acrobat (around neck)
 Q - the ring of Luoviren (right hand) {rElec rPois rF+ rN+++ AC+1 Int-2}
   (You bought it in a shop on level 2 of the Orcish Mines)

   [ring of protection]

   It affects your AC (+1).
   It affects your intelligence (-2).
   It protects you from fire.
   It insulates you from electricity.
   It protects you from poison.
   It renders you almost immune to negative energy.
 T - an uncursed amulet of rage
Wands
 s - a wand of enslavement (2)
 v - a wand of flame (36)
 y - a wand of acid (10)
 B - a wand of paralysis (9)
 C - a wand of digging (4)
 E - a wand of iceblast (13)
 N - a wand of clouds (3)
 V - a wand of polymorph (7)
 X - a wand of disintegration (6)
Scrolls
 g - 2 scrolls of magic mapping {@r5 !r}
 r - 9 scrolls of remove curse {@r2}
 t - 5 scrolls of teleportation {@r3 !r}
 w - 6 scrolls of immolation
 D - 3 scrolls of blinking {@r4}
 L - 2 scrolls of silence
 O - a scroll of fog {!r}
 S - a scroll of fear {!r}
 Z - 2 scrolls of identify {@r1}
Potions
 f - 6 potions of flight
 n - 11 potions of curing {@q1 !q}
 o - 2 potions of resistance
 p - 4 potions of ambrosia
 u - 2 potions of might {@q3 !q}
 z - 5 potions of lignification {@q6}
 F - a potion of agility {@q5 !q}
 G - a potion of invisibility
 I - 4 potions of berserk rage
 K - a potion of cancellation
 P - 2 potions of mutation
 U - a potion of haste {@q4 !q}
Miscellaneous
 A - a box of beasts
Comestibles
 e - 46 rations


   Skills:
 + Level 15.5 Fighting
   Level 11.9(12.1) Short Blades
 * Level 2.4(5.5) Long Blades
   Level 0.7(3.2) Polearms
   Level 5.6(5.7) Staves
   Level 0.4 Slings
 - Level 11.2 Crossbows
 + Level 12.6 Dodging
 - Level 12.2 Stealth
 - Level 0.3 Shields
 - Level 4.7 Spellcasting
 - Level 1.0 Summonings
 - Level 3.9 Translocations
 * Level 6.6 Transmutations
   Level 1.0 Ice Magic
 * Level 6.6 Earth Magic
 - Level 13.0 Invocations
 - Level 14.2 Evocations


You had 9 spell levels left.
You knew the following spells:

 Your Spells              Type           Power        Failure   Level  Hunger
d - Spectral Weapon       Hex/Chrm       #.......     50%         3    ###....
B - Blink                 Tloc           N/A          5%          2    #......
H - Regeneration          Chrm/Necr      #.........   50%         3    ###....
P - Statue Form           Tmut/Erth      ####.....    88%         6    #######
S - Song of Slaying       Chrm           #.......     28%         2    #......
Z - Summon Small Mammal   Summ           #...         12%         1    None

Your spell library contained the following spells:

 Spells                   Type           Power        Failure   Level  Hunger
 Sandblast                Erth           ####..       1%          1    None
 Passwall                 Tmut/Erth      ####....     1%          2    #......
 Petrify                  Tmut/Erth      ####....     12%         4    ####...
 Shroud of Golubria       Chrm/Tloc      ##....       13%         2    #......
 Stone Arrow              Conj/Erth      ###...       14%         3    ###....
 Infusion                 Chrm           #...         19%         1    None
 Magic Dart               Conj           #...         19%         1    None
 Shock                    Conj/Air       #...         19%         1    None
 Sting                    Conj/Pois      #...         19%         1    None
 Call Imp                 Summ           #.......     19%         2    #......
 Recall                   Summ/Tloc      N/A          21%         3    ###....
 Poisonous Vapours        Pois/Air       #.....       28%         2    #......
 Searing Ray              Conj           #.....       28%         2    #......
 Slow                     Hex            #.......     28%         2    #......
 Lee's Rapid Deconstruct  Erth           ####......   32%         5    ######.
 Ozocubu's Armour         Chrm/Ice       #.......     41%         3    ###....
 Conjure Flame            Conj/Fire      #.......     50%         3    ###....
 Dazzling Spray           Conj/Hex       #.....       50%         3    ###....
 Mephitic Cloud           Conj/Pois/Air  #.......     50%         3    ###....
 Force Lance              Conj/Tloc      ##......     63%         4    ####...
 Irradiate                Conj/Tmut      ###.......   78%         5    ######.
 Fulminant Prism          Conj/Hex       #.........   88%         4    ####...
 Iskenderun's Mystic Bla  Conj           #.......     88%         4    ####...
 Olgreb's Toxic Radiance  Pois           #.......     88%         4    ####...
 Hydra Form               Tmut           ####......   88%         6    #######
 Metabolic Englaciation   Hex/Ice        #.........   99%         5    ######.
 Venom Bolt               Conj/Pois      #.........   99%         5    ######.
 Deflect Missiles         Chrm/Air       #.........   100%        6    #######
 Dragon Form              Tmut           ####......   100%        7    #######


Dungeon Overview and Level Annotations

Branches:
Dungeon (15/15)            Temple (0/1) D:7            Lair (6/6) D:11
 Shoals (0/4) Lair:4        Snake (4/4) Lair:4        Slime (0/5) Lair:5
    Orc (2/2) D:10            Elf (0/3) Orc:2        Vaults (0/5) D:13
 Depths (0/5) D:15         Bailey (visited)           IceCv (visited)
Volcano (visited)         Gauntlet (visited)

Altars:
Ashenzari
Fedhas
Gozag
Kikubaaqudgha
Makhleb
Nemelex Xobeh
Okawaru
Qazlal
Ru
Sif Muna
Uskayaw
Xom
Beogh
Jiyva

Shops:
D:12 [   Orc:2 *[=(:

Portals:
Bazaar: D:15

Annotations:
Lair:5 1 runed translucent door, exclusion: door
Snake:1 exclusion: salamander, Aizul, Nikola
Snake:2 Roxanne


Innate Abilities, Weirdness & Mutations

You are small and have problems with some larger weapons.
You are carnivorous and can eat meat at any time.


Message History

Firing (i - inventory. (/) - cycle)
l - 53 bolts (quivered)
Press: ? - help, Shift-Dir - straight line, f/p - nagaraja
Aim: a nagaraja, wielding a +0 whip of electrocution and wearing a +0 robe (almost dead, constricting your shock serpent, fast, catching its breath)
Okay, then.
You feel sick.
Your shock serpent disappears!
The nagaraja loses its grip on something.
Firing (i - inventory. (/) - cycle)
l - 53 bolts (quivered)
Press: ? - help, Shift-Dir - straight line, f/p - nagaraja
Aim: a nagaraja, wielding a +0 whip of electrocution and wearing a +0 robe (translocational energy, almost dead, fast, catching its breath)
You shoot a bolt.
The bolt completely misses the nagaraja.
Firing (i - inventory. (/) - cycle)
l - 52 bolts (quivered)
Press: ? - help, Shift-Dir - straight line, f/p - nagaraja
Aim: a nagaraja, wielding a +0 whip of electrocution and wearing a +0 robe (almost dead, fast, hasn't noticed you)
You shoot a bolt. The bolt hits the nagaraja.
The bolt burns the nagaraja.
The nagaraja is almost dead.
You feel sick.
The nagaraja points at you and mumbles some strange words.
The poison arrow hits you!
You are more poisoned.
You partially resist.
Firing (i - inventory. (/) - cycle)
l - 51 bolts (quivered)
Press: ? - help, Shift-Dir - straight line, f/p - nagaraja
Aim: a nagaraja, wielding a +0 whip of electrocution and wearing a +0 robe (almost dead, fast)
You shoot a bolt. The bolt closely misses the nagaraja.
You feel sick. Makhleb accepts your kill.
You feel a bit more experienced. The nagaraja casts a spell at you.
You resist with almost no effort.
The nagaraja gestures at you while chanting.
The poison arrow misses you.
Your +2 arbalest of flaming stops flaming.
You feel weaker.
You feel agile.
Your hands briefly pass through it before you manage to get a firm grip on it.
c - the +7 hand crossbow of Greed (weapon)
{penet, rPois Str-5 Dex+4} You feel sick.
Firing (i - inventory. (/) - cycle)
l - 50 bolts (quivered)
Press: ? - help, Shift-Dir - straight line, f/p - nagaraja
Aim: a nagaraja, wielding a +0 whip of electrocution and wearing a +0 robe (almost dead, fast)
You shoot a bolt.
The bolt pierces through the nagaraja but does no damage.
The nagaraja is almost dead.
You feel sick. The nagaraja spits poison at you.
The splash of poison misses you.
Firing (i - inventory. (/) - cycle)
l - 49 bolts (quivered)
Press: ? - help, Shift-Dir - straight line, f/p - nagaraja
Aim: a nagaraja, wielding a +0 whip of electrocution and wearing a +0 robe (almost dead, fast, catching its breath)
You shoot a bolt. The bolt closely misses the nagaraja.
You feel sick.
Firing (i - inventory. (/) - cycle)
l - 48 bolts (quivered)
Press: ? - help, Shift-Dir - straight line, f/p - nagaraja
Aim: a nagaraja, wielding a +0 whip of electrocution and wearing a +0 robe (almost dead, fast, catching its breath)
You shoot a bolt. The bolt pierces through the nagaraja.
The nagaraja is almost dead.
You feel sick.
You feel agile.
You hear the crackle of electricity.
a - the +2 scimitar of Distant Shores (weapon)
{elec, rC+ Dex+2} You feel sick.
The nagaraja points at you and mumbles some strange words.
The bolt of poison hits you! You resist.
* * * LOW HITPOINT WARNING * * *
You feel sick.
The nagaraja gestures at you while chanting.
The bolt of poison misses you.
You barely miss the nagaraja.
The nagaraja is almost dead.
You feel sick.
The nagaraja gestures at you while chanting.
The orb of energy misses you. The nagaraja spits poison at you.
The splash of poison hits you. You resist.
* * * LOW HITPOINT WARNING * * *
You hit the nagaraja.
The nagaraja is almost dead.
You feel sick. The nagaraja spits poison at you.
The splash of poison misses you.
The nagaraja gestures at you while chanting.
The poison arrow hits you.
You are more poisoned.
You partially resist.
* * * LOW HITPOINT WARNING * * *
Okay, then.
Unknown command.
Unknown command.
Really quaff
n - 12 potions of curing {@q1 !q}?
You feel better. The nagaraja casts a spell at you.
You feel strangely unstable.
You slash the nagaraja!
The nagaraja is almost dead.
The nagaraja hits you with a +0 whip of electrocution!!
* * * LOW HITPOINT WARNING * * *
The nagaraja completely misses you.
The nagaraja points at you and mumbles some strange words.
The orb of energy hits you!
You die...

##.......##......##.#..(.........
.#..)............#..#N...........
.#...............#..#............
.#.....######....#..'............
.#.....#....#....#..#............
.#.....'....#....####((#########.
.#.....#....#.........(#.......#.
.#.....#....#..........').###'##.
.#.....#....#.(.@N.....#.##...##.
.#.....#...##........).#.'....##.
##.....#....#....####..#.#....##<
.......#....#....# #..#.#....##.
.......######....## ##.#.#....+#.
####.....)........####)#.#....##.
# ##..#+#''#.......##)#.#######.
### #..#....#)####.....#..<....#.
..###..'....#)#..##....#.......#.


You could see a nagaraja.

Vanquished Creatures
  Rupert (Snake:1)
  Asterion (Snake:2)
  Louise (D:15)
  An orc warlord (Orc:2)
  A reaper (IceCv)
  An ettin (Orc:1)
  A fire dragon (Lair:6)
  An ogre mage (Volcano)
  Josephine (Lair:5)
  Harold (D:9)
  2 hydras
  A catoblepas (D:13)
  2 rakshasas (D:15)
  9 naga warriors
  9 anacondas
  6 two-headed ogres
  3 centaur warriors (D:13)
  A tengu warrior (D:14)
  8 death yaks
  7 naga sharpshooters
  4 orc high priests
  6 shock serpents
  Sonja (Lair:4)
  A hell knight (Volcano)
  A fire crab (shapeshifter) (D:15)
  3 salamander mystics
  3 unseen horrors
  3 sea snakes (Snake:3)
  4 naga ritualists
  An obsidian statue (D:15)
  A swamp dragon (Lair:6)
  A wolf spider zombie (D:15)
  A necromancer (D:12)
  Pikel (D:4)
  2 deep elf magi
  5 ugly things (D:14)
  6 orc knights
  8 mana vipers
  5 oklob plants
  4 manticores
  13 slime creatures
  12 salamanders
  3 orc sorcerers
  5 elephants (Lair:5)
  6 cyclopes
  36 black mambas
  A guardian serpent (Snake:4)
  15 naga magi
  Maurice (Orc:2)
  5 centaur zombies
  A gargoyle (D:13)
  Psyche (D:8)
  11 spiny frogs
  An efreet (D:13)
  9 rime drakes
  A rime drake (shapeshifter) (D:15)
  2 kobold demonologists
  6 ice devils (IceCv)
  2 tengu conjurers (D:14)
  7 komodo dragons
  10 polar bears
  3 meliai (D:13)
  A meliai (shapeshifter) (D:14)
  4 trolls
  Prince Ribbit (D:5)
  A hornet (D:13)
  2 raiju (Lair:6)
  6 blink frogs
  7 dream sheep
  9 hippogriffs
  9 wyverns
  2 vampires
  7 wraiths
  37 yaks
  A shadow (D:15)
  A human (shapeshifter) (D:15)
  2 basilisks (Lair:4)
  2 steam dragons (Lair:6)
  3 hungry ghosts
  11 wargs
  38 nagas
  2 two-headed ogre zombies (D:10)
  2 soldier ants
  Menkaure (D:5)
  4 acid dragons
  16 hell hounds
  8 water moccasins
  8 porcupines
  12 black bears
  A slave (D:3)
  2 sky beasts
  2 swamp drakes (Lair:6)
  6 ice beasts
  An ogre (shapeshifter) (D:15)
  3 phantoms
  An eye of draining (shapeshifter) (D:15)
  33 orc warriors
  A black bear (shapeshifter) (D:15)
  27 wolves
  2 centaurs
  7 ogres
  A necrophage (D:15)
  6 boggarts (D:15)
  6 big kobolds
  12 crocodiles
  Blork the orc (D:6)
  13 bullfrogs
  2 wyvern zombies
  A water moccasin zombie (D:8)
  A scorpion (D:14)
  A troll zombie (D:10)
  4 killer bees (D:7)
  11 wights
  3 howler monkeys (D:9)
  2 electric eels (Snake:3)
  10 crimson imps
  2 bullfrog zombies
  5 jellies
  4 centaur skeletons
  12 orc priests
  7 hounds
  13 orc wizards
  Crazy Yiuf (D:7)
  2 bullfrog skeletons
  10 worker ants
  4 iguanas
  A yak simulacrum (D:12)
  4 polar bear simulacra (D:12)
  5 ogre zombies (D:10)
  2 hound zombies
  A hound skeleton (D:8)
  3 worker ant zombies (D:11)
  A howler monkey zombie (D:5)
  Robin (D:1)
  29 adders
  7 gnolls
  2 shadow imps
  7 white imps (IceCv)
  6 ufetubi (IceCv)
  An ooze (D:1)
  An adder skeleton (D:4)
  2 worms (D:2)
  2 dart slugs (D:1)
  3 leopard geckos
  61 orcs
  5 giant cockroaches
  21 goblins
  5 hobgoblins
  14 jackals
  3 quokkas
  5 ball pythons
  10 bats
  4 frilled lizards
  5 goblin skeletons (D:10)
  3 goblin zombies (D:10)
  A hobgoblin skeleton (D:10)
  2 hobgoblin zombies (D:10)
  A jackal skeleton (D:6)
  9 kobolds
  4 orc skeletons (D:10)
  10 orc zombies (D:10)
  2 quokka skeletons
  6 rats
  3 river rat simulacra (D:12)
  2 fungi (Orc:2)
  7 plants (Lair:3)
948 creatures vanquished.

Vanquished Creatures (collateral kills)
  Saint Roka (Orc:2)
  Frances (D:12)
  An ironheart preserver (D:13)
  A hydra (D:8)
  3 two-headed ogres
  A death yak (Lair:4)
  An ugly thing (D:11)
  A cyclops (D:13)
  A centaur zombie (D:12)
  A naga mage (Snake:4)
  A black mamba (Lair:3)
  4 rime drakes
  A komodo dragon (Lair:2)
  An ice devil (IceCv)
  3 blink frogs (Lair:2)
  4 hippogriffs (Lair:4)
  A slime creature (D:12)
  8 yaks
  2 basilisks (Lair:4)
  A water moccasin (Lair:2)
  A porcupine (Lair:4)
  An ice beast (D:11)
  4 orc warriors
  7 wolves
  A centaur (D:12)
  A scorpion (D:10)
  2 orc priests (D:9)
  An orc wizard (D:9)
  A worker ant (D:12)
  A white imp (IceCv)
  3 orcs
  A ball python (D:1)
62 creatures vanquished.

Vanquished Creatures (others)
  A shock serpent (Snake:4)
  A shadow (D:13)
  A wolf (Lair:3)
  An orc wizard (D:9)
  4 white imps (IceCv)
  3 ufetubi (IceCv)
  A jackal (D:1)
  A demonic plant (Gauntlet)
  29 fungi
  72 plants
  7 withered plants (Gauntlet)
121 creatures vanquished.

Grand Total: 1131 creatures vanquished

Notes
Turn   | Place    | Note
-------+----------+-------------------------------------------
     0 | D:1      | MisterOstroum the Kobold Wanderer began the quest for the
                  | Orb.
     0 | D:1      | MisterOstroum set off with the following items: a +0 spear,
                  | a wand of enslavement (15), a +0 robe, a ration; and the
                  | following spell memorised: Summon Small Mammal; and the
                  | following spells available to memorise: Recall
     0 | D:1      | Reached XP level 1. HP: 14/14 MP: 4/4
   207 | D:1      | Reached XP level 2. HP: 15/19 MP: 6/6
   726 | D:1      | Reached XP level 3. HP: 23/23 MP: 7/7
   751 | D:1      | Reached skill level 1 in Short Blades
  2058 | D:2      | Reached XP level 4. HP: 29/29 MP: 8/8
  2502 | D:2      | Noticed Robin
  3404 | D:1      | Reached skill level 4 in Fighting
  4334 | D:2      | Reached XP level 5. HP: 17/33 MP: 9/9
  4392 | D:1      | Killed Robin
  4609 | D:2      | Found a burning altar of Makhleb.
  5424 | D:3      | Found a faded altar of an unknown god.
  5527 | D:3      | Became a worshipper of Makhleb the Destroyer
  5527 | D:3      | Reached * piety under Makhleb
  5617 | D:3      | Found a shimmering blue altar of Sif Muna.
  6087 | D:4      | Reached skill level 1 in Dodging
  6088 | D:4      | Reached XP level 6. HP: 39/39 MP: 10/10
  6988 | D:4      | Reached skill level 5 in Fighting
  7004 | D:4      | Noticed a slave
  7004 | D:4      | Noticed a slave
  7181 | D:4      | Noticed a slave
  7182 | D:4      | Noticed Pikel
  7254 | D:3      | Killed a slave
  7551 | D:4      | Noticed a slave
  7616 | D:4      | Killed Pikel
  7616 | D:4      | Reached skill level 6 in Fighting
  7616 | D:4      | Reached skill level 5 in Short Blades
  7616 | D:4      | Reached XP level 7. HP: 32/46 MP: 11/11
  7616 | D:4      | Reached XP level 8. HP: 35/51 MP: 12/12
  7880 | D:5      | Entered Level 5 of the Dungeon
  7969 | D:5      | Noticed Prince Ribbit
  7977 | D:5      | Found an ancient bone altar of Kikubaaqudgha.
  9182 | D:5      | Reached skill level 5 in Stealth
  9947 | D:6      | Reached ** piety under Makhleb
 10587 | D:6      | Reached skill level 7 in Fighting
 10825 | D:6      | Noticed Blork the orc
 10983 | D:6      | Reached XP level 9. HP: 50/57 MP: 13/13
 11089 | D:7      | Reached skill level 1 in Invocations
 11343 | D:7      | Found a staircase to the Ecumenical Temple.
 11363 | D:7      | Identified the Reference Book on Air and Cold
 11805 | D:7      | Reached skill level 8 in Fighting
 11920 | D:7      | Reached skill level 5 in Invocations
 12197 | D:7      | Reached skill level 5 in Dodging
 12274 | D:7      | Found a runed translucent door.
 12275 | D:7      | Noticed Crazy Yiuf
 12397 | D:8      | Got an encrusted helmet
 12408 | D:8      | Identified the +1 helmet of Noon {rN++} (You found it on
                  | level 8 of the Dungeon)
 12555 | D:8      | Noticed a two-headed ogre
 12558 | D:8      | Reached *** piety under Makhleb
 12700 | D:8      | Noticed Psyche
 12715 | D:8      | Reached XP level 10. HP: 64/64 MP: 14/14
 12943 | D:8      | Reached skill level 5 in Evocations
 13108 | D:8      | Found a sparkling altar of Nemelex Xobeh.
 13330 | D:8      | Found an iron altar of Okawaru.
 13443 | D:8      | Killed Psyche
 13474 | D:8      | Noticed a two-headed hydra
 13482 | D:8      | Killed a two-headed hydra
 13484 | D:8      | Reached skill level 9 in Fighting
 13715 | D:9      | Found a stormy altar of Qazlal.
 13737 | D:9      | Found an opulent altar of Gozag.
 13835 | D:9      | Noticed a two-headed ogre
 13862 | D:9      | Noticed Harold
 13880 | D:9      | Killed Harold
 14529 | D:9      | Found a blossoming altar of Fedhas.
 14679 | D:9      | Reached XP level 11. HP: 32/71 MP: 16/16
 15246 | D:10     | Entered Level 10 of the Dungeon
 15311 | D:10     | Found a flagged portal.
 15334 | Bailey   | Entered a bailey
 15334 | Bailey   | Noticed an orc knight
 15334 | Bailey   | Noticed an orc knight
 15356 | Bailey   | Noticed an orc knight
 15371 | Bailey   | Killed an orc knight
 15655 | Bailey   | Killed an orc knight
 15701 | Bailey   | Killed an orc knight
 16058 | D:10     | Noticed a two-headed ogre
 16096 | D:10     | Killed a two-headed ogre
 16819 | D:10     | Found a shimmering blue altar of Sif Muna.
 16831 | D:10     | Reached skill level 10 in Short Blades
 16911 | D:10     | Found a staircase to the Orcish Mines.
 17536 | D:10     | Reached **** piety under Makhleb
 17823 | D:11     | Noticed a two-headed ogre
 17934 | D:11     | Found a staircase to the Lair.
 17938 | D:11     | Noticed an oklob plant
 18008 | D:11     | Found a sacrificial altar of Ru.
 18136 | D:11     | Noticed a two-headed ogre
 18289 | D:11     | Noticed a cyan ugly thing
 18303 | D:11     | Killed a cyan ugly thing
 18399 | D:11     | Reached skill level 10 in Fighting
 18399 | D:11     | Reached XP level 12. HP: 49/77 MP: 19/19
 19064 | D:11     | Killed an unseen horror
 19141 | D:11     | Killed a two-headed ogre
 19202 | D:11     | Reached skill level 10 in Evocations
 19297 | D:11     | Killed a two-headed ogre
 19316 | D:11     | Noticed a two-headed ogre
 19360 | D:11     | Killed a two-headed ogre
 19487 | Lair:1   | Entered Level 1 of the Lair of Beasts
 21022 | Lair:2   | Reached XP level 13. HP: 84/84 MP: 20/20
 21772 | Lair:3   | Reached skill level 10 in Stealth
 21818 | Lair:3   | Reached skill level 11 in Fighting
 21838 | Lair:3   | Reached skill level 1 in Staves
 22149 | Lair:3   | HP: 4/84 [poisoned by a black mamba]
 22155 | Lair:2   | HP: 4/84 [poisoned by a black mamba]
 22887 | Lair:4   | Found a staircase to the Shoals.
 23062 | Lair:4   | Found a staircase to the Snake Pit.
 23522 | Lair:4   | Noticed Sonja
 23541 | Lair:4   | Killed Sonja
 23704 | Lair:4   | Reached skill level 10 in Dodging
 23743 | Lair:4   | Reached ***** piety under Makhleb
 23919 | Lair:4   | Noticed a five-headed hydra
 24141 | D:11     | Reached skill level 12 in Fighting
 24473 | D:12     | Reached XP level 14. HP: 92/92 MP: 22/22
 24578 | D:12     | Reached skill level 10 in Invocations
 24624 | D:12     | Noticed Frances
 24731 | D:12     | Killed Frances
 24835 | D:12     | Got a flickering turquoise ring
 24839 | D:12     | Identified the ring "Viavul" {rF+ MR++ Dex-5} (You found it
                  | on level 12 of the Dungeon)
 25038 | D:12     | Found Yseamuob's Armour Shoppe.
 25043 | D:12     | Bought a +0 cloak for 63 gold pieces
 25347 | D:13     | Reached skill level 5 in Staves
 25445 | D:13     | Found a frozen archway.
 25541 | IceCv    | Entered an ice cave
 25842 | IceCv    | Noticed a reaper
 25995 | IceCv    | Killed a reaper
 26726 | D:13     | Found a gate to the Vaults.
 26726 | D:13     | Noticed an ironheart preserver
 26799 | D:13     | Killed an ironheart preserver
 26799 | D:13     | Reached skill level 13 in Fighting
 27667 | D:14     | Found a gate leading to a gauntlet.
 27733 | Gauntlet | Entered a Gauntlet
 27733 | Gauntlet | Found a transporter.
 27743 | Gauntlet | Found a transporter.
 27758 | Gauntlet | Found a transporter.
 27763 | Gauntlet | Found a transporter.
 27778 | Gauntlet | Found a transporter.
 27800 | Gauntlet | Found a transporter.
 27809 | Gauntlet | Found a transporter.
 27815 | Gauntlet | Found a transporter.
 27830 | Gauntlet | Found a transporter.
 27838 | Gauntlet | Found a large runed translucent door.
 27839 | Gauntlet | Found a large runed translucent door.
 27840 | Gauntlet | Found a large runed translucent door.
 27840 | Gauntlet | Found a large runed translucent door.
 27841 | Gauntlet | Found a runed translucent gate.
 27842 | Gauntlet | Found a transporter.
 27842 | Gauntlet | Found a runed translucent gate.
 27843 | Gauntlet | Found a runed translucent gate.
 27844 | Gauntlet | Found a large runed translucent door.
 27844 | Gauntlet | Found a large runed translucent door.
 27845 | Gauntlet | Found a large runed translucent door.
 27846 | Gauntlet | Found a large runed translucent door.
 27853 | Gauntlet | Noticed a reaper
 27854 | Gauntlet | Found a transporter.
 27871 | Gauntlet | Found a transporter.
 27885 | Gauntlet | Found a large runed translucent door.
 27886 | Gauntlet | Found a large runed translucent door.
 27887 | Gauntlet | Found a large runed translucent door.
 27887 | Gauntlet | Found a large runed translucent door.
 27888 | Gauntlet | Found a runed translucent door.
 27889 | Gauntlet | Found a transporter.
 27890 | Gauntlet | Found a runed translucent door.
 27891 | Gauntlet | Found a transporter.
 27891 | Gauntlet | Found a large runed translucent door.
 27891 | Gauntlet | Found a large runed translucent door.
 27892 | Gauntlet | Found a large runed translucent door.
 27918 | Gauntlet | Found a transporter.
 27938 | Gauntlet | Found a transporter.
 28028 | Gauntlet | Found a transporter.
 28044 | Gauntlet | Found a large runed translucent door.
 28356 | D:14     | Reached skill level 1 in Crossbows
 28892 | Lair:4   | Reached XP level 15. HP: 74/100 MP: 24/24
 29545 | Lair:5   | You fall into a shaft and drop 1 floor!
 29545 | Lair:6   | Entered Level 6 of the Lair of Beasts
 29881 | Lair:6   | Found a dark tunnel.
 29891 | Volcano  | Entered a volcano
 30044 | Volcano  | Reached skill level 14 in Fighting
 30566 | Lair:5   | Found a runed translucent door.
 30566 | Lair:5   | Found a viscous altar of Jiyva.
 30568 | Lair:5   | Found a staircase to the Slime Pits.
 30619 | Lair:5   | Reached skill level 5 in Crossbows
 30798 | Lair:5   | Noticed Josephine
 30906 | Lair:5   | Killed Josephine
 31434 | Lair:6   | Reached ****** piety under Makhleb
 33612 | Lair:6   | Reached skill level 15 in Fighting
 33612 | Lair:6   | Reached XP level 16. HP: 104/108 MP: 26/26
 33897 | Lair:6   | Got a translucent hand crossbow
 33898 | Lair:6   | Identified the +7 hand crossbow of Greed {penet, rPois
                  | Str-5 Dex+4} (You found it on level 6 of the Lair of
                  | Beasts)
 34335 | Lair:4   | Found a staircase to the Shoals.
 34356 | Lair:4   | Found a staircase to the Snake Pit.
 35521 | D:7      | Killed Crazy Yiuf
 35607 | D:6      | Killed Blork the orc
 35686 | D:5      | Killed Prince Ribbit
 35710 | D:5      | Noticed Menkaure
 35718 | D:5      | Killed Menkaure
 37407 | D:15     | Entered Level 15 of the Dungeon
 37413 | D:15     | Found a shattered altar of Ashenzari.
 37537 | D:15     | Found a hide-covered altar of Uskayaw.
 38029 | D:15     | Noticed Louise
 38100 | D:15     | Killed Louise
 38421 | D:15     | Found a gateway to a bazaar.
 39481 | D:15     | Found a staircase to the Depths.
 39651 | Orc:1    | Entered Level 1 of the Orcish Mines
 39767 | Orc:2    | Entered Level 2 of the Orcish Mines
 39767 | Orc:2    | Noticed Maurice
 39773 | Orc:2    | Killed Maurice
 39791 | Orc:2    | Found Nicum's Antique Armour Emporium.
 39903 | Orc:1    | Found a roughly hewn altar of Beogh.
 40285 | Orc:2    | Found a staircase to the Elven Halls.
 40367 | Orc:2    | Found Jeunuq's Antique Weapon Emporium.
 40891 | Orc:2    | Bought a glowing rapier for 126 gold pieces
 40897 | Orc:2    | Found Ibumagom's Book Shoppe.
 40929 | Orc:2    | Bought a book of Transfigurations for 770 gold pieces
 40936 | Orc:2    | Learned a level 6 spell: Statue Form
 41094 | Orc:2    | Found Tiarusez's Jewellery Shoppe.
 41142 | Orc:2    | Reached skill level 10 in Crossbows
 41337 | Orc:2    | Noticed Saint Roka
 41381 | Orc:2    | Killed Saint Roka
 41381 | Orc:2    | Reached skill level 1 in Transmutations
 41381 | Orc:2    | Reached skill level 1 in Earth Magic
 41679 | Orc:2    | Bought the ring of Luoviren {rElec rPois rF+ rN+++ AC+1
                  | Int-2} for 765 gold pieces
 41977 | Orc:2    | Reached XP level 17. HP: 107/113 MP: 27/27
 42196 | Orc:2    | Found Foech's General Store.
 42285 | Orc:2    | Bought a steaming scimitar for 162 gold pieces
 42285 | Orc:2    | Identified the cursed +2 scimitar of Distant Shores {elec,
                  | rC+ Dex+2} (You bought it in a shop on level 2 of the
                  | Orcish Mines)
 42313 | Orc:2    | Bought a book of Battle for 560 gold pieces
 42313 | Orc:2    | Bought a book of Minor Magic for 280 gold pieces
 42317 | Orc:2    | Learned a level 3 spell: Regeneration
 42320 | Orc:2    | Learned a level 2 spell: Song of Slaying
 42323 | Orc:2    | Learned a level 2 spell: Blink
 42327 | Orc:2    | Learned a level 3 spell: Spectral Weapon
 42623 | Snake:1  | Entered Level 1 of the Snake Pit
 42729 | Snake:1  | Reached skill level 1 in Long Blades
 42889 | Snake:1  | Noticed Nikola
 43531 | Snake:1  | Noticed Rupert
 44125 | Snake:1  | Killed Rupert
 44140 | Snake:1  | Identified a scroll of acquirement
 44693 | Snake:1  | Noticed Aizul
 46167 | Snake:2  | Reached skill level 1 in Translocations
 46406 | Snake:2  | Found a shimmering altar of Xom.
 46438 | Snake:2  | Noticed Asterion
 46475 | Snake:2  | Killed Asterion
 47253 | Snake:2  | Noticed Roxanne
 49023 | Snake:3  | Reached skill level 5 in Earth Magic
 49137 | Snake:3  | Reached skill level 5 in Transmutations
 49676 | Snake:3  | Reached XP level 18. HP: 97/119 MP: 28/28
 50567 | Snake:4  | Entered Level 4 of the Snake Pit
 50576 | Snake:4  | Found an opulent altar of Gozag.
 53270 | Snake:4  | Found an opulent altar of Gozag.
 53530 | Snake:4  | Killed from afar by a nagaraja

Levels and vault maps discovered:
D:1:      dpeg_arrival_rooms_a, layout_basic, serial_aquarium,
          aquarium_bridge_long_separate [aquarium_subvault_balcony,
          aquarium_subvault_bridge, aquarium_subvault_balcony,
          aquarium_subvault_bridge, aquarium_subvault_bridge,
          aquarium_subvault_window], aquarium_window_1,
          aquarium_window_corridor_1, aquarium_view_2c, aquarium_view_2e,
          aquarium_balcony_3a
D:2:      layout_rooms, lemuel_coloured_pillars_altar, uniq_robin
D:3:      layout_basic, old_standard_altar,
          chequers_ecumenical_altar_simple_redux, serial_park_tiny_1
D:4:      layout_basic, uniq_pikel
D:5:      minmay_inner_zag, layout_gridville, old_standard_altar, first_ration,
          minmay_strange_pillars, uniq_menkaure, uniq_prince_ribbit1
D:6:      layout_loops_ring, grunt_ministairs_15, minivault_26,
          uniq_blork_the_orc
D:7:      layout_rooms, minmay_temple_entry_glassed_door,
          uniq_crazy_yiuf_cottage
D:8:      layout_cave_pools, grunt_temple_overflow_open, hangedman_ranch
          [blue_anna_fruit_fields], uniq_psyche
D:9:      layout_gridville, fedhas_altar_2, old_standard_altar,
          nicolae_gozag_cash_rules_everything_around_me, uniq_harold
D:10:     kennysheep_orc_sif_temple, layout_loops_ring, zombieorc2_lemuel,
          enter_bailey_3
D:11:     layout_cave_pods, dpeg_oklobed_lair, basic_altar
D:12:     layout_small_grid, serial_shops, kennysheep_little_box,
          eino_house_with_fridge, uniq_frances
D:13:     layout_irregular_city, skrybe_vaults_entry_preservation,
          portal_ice_cave_rime
D:14:     layout_basic, gauntlet_entry_generic, small_statue_intersection
D:15:     gammafunk_enter_depths_forms, layout_loops_corners,
          minmay_misc_feat_pillars, basic_altar, serial_shops, statue_bzr,
          nicolae_ashenzari_panopticon, uniq_louise
Lair:1:   minmay_lair_venomous_thicket, layout_hall_layers, beast_lair_carwin_11
Lair:2:   layout_gridlike, nicolae_quartered_pool_little
Lair:3:   minmay_lair_oklob_tunnel, layout_gridlike, serial_bayou_shore_a,
          grunt_megastairs_2
Lair:4:   layout_roguey [special_room_mythical_zoo], minmay_shoals_entry_beasts,
          uniq_sonja
Lair:5:   layout_regular_city, slime_altar_2, grunt_megastairs_4, uniq_josephine
Lair:6:   guppyfry_lair_end_dragon, layout_cave_pods,
          hangedman_lair_caniforms_friends, nicolae_volcano_entry_s_turn,
          serial_bayou_pond_d
Snake:1:  layout_chambers, uniq_rupert, uniq_nikola, uniq_aizul
Snake:2:  skrybe_snakes_to_sticks, layout_onion, uniq_roxanne, uniq_asterion
Snake:3:  nicolae_sea_snake_s, layout_cave_town, minmay_snake_pond
Snake:4:  snake_pit, layout_cave_town, basic_altar
Orc:1:    layout_caves, basic_altar
Orc:2:    grunt_orc_gardens, layout_caves, grunt_orc_garden, grunt_orc_garden,
          grunt_orc_garden, grunt_orc_garden, serial_shops, nicolae_shop_trees,
          uniq_maurice, uniq_saint_roka

Skill      XL: |  1  2  3  4  5  6  7  8  9 10 11 12 13 14 15 16 17 18 |
---------------+-------------------------------------------------------+-----
Stealth        | 2 4 5 6 8 9 11 12 | 12.2
Short Blades   | 1 2 3 5 7 8 9 10 11 | 11.9
Evocations     | 2 3 4 7 9 10 11 12 13 14 | 14.2
Fighting       | 4 6 7 8 9 10 12 13 15 | 15.5
Dodging        | 1 3 4 5 6 7 9 10 11 12 | 12.6
Invocations    | 5 6 8 9 11 12 13 | 13.0
Staves         | 4 5 |  5.6
Crossbows      | 2 8 10 11 | 11.2
Transmutations | 1 5 6 |  6.6
Earth Magic    | 1 5 6 |  6.6
Long Blades    | 1 2 |  2.4
Translocations | 3 |  3.9
Spellcasting   | 4 |  4.7
Polearms       | |  0.7
Slings         | |  0.4
Shields        | |  0.3
Summonings     | |  1.0
Ice Magic      | |  1.0

Action                   |  1- 3 |  4- 6 |  7- 9 | 10-12 | 13-15 | 16-18 || total
-------------------------+-------+-------+-------+-------+-------+-------++-------
Melee: Spear             |    42 |       |       |       |       |       ||    42
       Dagger            |   144 |   246 |   276 |    24 |    32 |       ||   722
       Falchion          |       |     5 |    20 |       |       |       ||    25
       Short sword       |       |       |   120 |   209 |       |       ||   329
       Scimitar          |       |       |       |     8 |       |    70 ||    78
       Rapier            |       |       |       |   255 |   213 |       ||   468
       Quick blade       |       |       |       |       |  1836 |  2175 ||  4011
 Fire: Hunting sling     |       |    54 |    86 |   134 |    12 |       ||   286
       Arbalest          |       |       |       |       |     4 |   287 ||   291
       Hand crossbow     |       |       |       |       |       |   214 ||   214
Throw: Dart              |     3 |   129 |     1 |    19 |     4 |     6 ||   162
       Stone             |    11 |    11 |    33 |    31 |    13 |     1 ||   100
 Cast: Summon Small Mamm |     2 |       |       |       |     1 |       ||     3
       Blink             |       |       |       |       |       |     5 ||     5
Invok: Minor Destruction |       |       |   137 |   444 |   591 |   161 ||  1333
       Lesser Servant of |       |       |       |    17 |    13 |     9 ||    39
       Major Destruction |       |       |       |     2 |    15 |     2 ||    19
       Greater Servant o |       |       |       |       |       |     3 ||     3
 Abil: Evoke Berserk Rag |       |       |       |       |       |     3 ||     3
Evoke: Wand              |       |     4 |     6 |     9 |    23 |    18 ||    60
  Use: Scroll            |     1 |     6 |     2 |     8 |    27 |    14 ||    58
       Potion            |       |       |       |     4 |     2 |     6 ||    12
 Stab: Sleeping          |     2 |     2 |     2 |    14 |    36 |    15 ||    71
       Confused          |       |       |     1 |       |       |       ||     1
       Distracted        |       |       |       |     1 |     3 |     2 ||     6
       Paralysed         |       |       |       |       |     1 |     5 ||     6
  Eat: Chunk             |    12 |    16 |    19 |    31 |    41 |    62 ||   181
       Ration            |       |       |     1 |       |       |       ||     1
Armor: Robe              |    28 |       |       |       |       |       ||    28
       Leather armour    |    25 |    90 |    83 |    44 |   145 |   170 ||   557
       Ring mail         |    13 |     6 |       |       |       |       ||    19
       Troll leather arm |       |       |       |    30 |   163 |       ||   193
       Plate armour      |       |       |       |       |    10 |       ||    10
       Acid dragon scale |       |       |       |       |       |     5 ||     5
       Skin              |       |       |       |       |       |     8 ||     8
Dodge: Dodged            |   131 |   162 |   276 |   588 |  1846 |  1290 ||  4293
Block: Shield            |       |    63 |       |       |       |       ||    63
       Other             |       |       |       |       |       |     1 ||     1
       Rpst.: Falchion   |       |     1 |     5 |       |       |       ||     6
       Scimitar          |       |       |       |     4 |       |    23 ||    27
